 Dungeon Crawl Stone Soup version 0.30-b1-2-g02819fbbbe (webtiles) character file.

Game seed: 10987917449019215926

26 sanka the Ducker (level 3, 28/28 HPs)
             Began as a Merfolk Hexslinger on May 9, 2023.
             Quit the game on level 1 of the Dungeon.
             The game lasted 00:01:03 (707 turns).

sanka the Ducker (Merfolk Hexslinger)                Turns: 707, Time: 00:01:03

Health: 28/28      AC:  3    Str: 10    XL:     3   Next: 8%
Magic:  4/4        EV: 13    Int: 12    God:
Gold:   24         SH:  0    Dex: 16    Spells: 3/4 levels left

rFire   . . .        a - +1 sling
rCold   . . .        (no shield)
rNeg    . . .        c - +0 robe
rPois   .            (no helmet)
rElec   .            (no cloak)
rCorr   .            j - +0 pair of gloves
SInv    .            (no boots)
Will    .....        (no amulet)
Stlth   +            (no ring)
HPRegen 0.24/turn    (no ring)
MPRegen 0.09/turn

%: no passive effects
@: no status effects
A: (nimble swimmer 2), mertail
a: no special abilities


You were on level 1 of the Dungeon.
You visited 1 branch of the dungeon, and saw 1 of its levels.

You collected 24 gold pieces.

Inventory:

Hand Weapons
 a - a +1 sling (weapon)
Armour
 c - a +0 robe (worn)
 j - a +0 pair of gloves (worn)
Scrolls
 b - a scroll of poison {!r}
 e - a scroll of identify {unknown}
 f - a scroll of brand weapon {unknown}
Potions
 d - a potion of magic {unknown}
 g - a potion of invisibility {unknown}
 h - a potion of flight {unknown}
 i - a potion of cancellation {unknown}
 k - a potion of curing {unknown}


   Skills:
 + Level 2.4 Fighting
 - Level 1.5 Ranged Weapons
 + Level 3.7 Dodging
 - Level 1.0 Spellcasting
 - Level 3.0 Hexes


You had 3 spell levels left.
You knew the following spells:

 Your Spells              Type           Power      Damage    Failure   Level
a - Slow                  Hex            28%        N/A       9%          1

Your spell library contained the following spells:

 Spells                   Type           Power      Damage    Failure   Level
 Inner Flame              Hex/Fire       4%         N/A       43%         3
 Portal Projectile        Hex/Tloc       8%         N/A       43%         3
 Cause Fear               Hex            3%         N/A       65%         4


Dungeon Overview and Level Annotations

Branches:
Dungeon (1/15)

Altars:


Innate Abilities, Weirdness & Mutations

((You are very nimble when in or above water. (Stealth+, EV+, Speed+++)))
Your lower body shifts to a powerful aquatic tail in water.


Message History

Unknown command.
You shoot a sling bullet.
The sling bullet closely misses the jackal.
The jackal bites you but does no damage. x3
The jackal misses you.
Unknown command.
You shoot a sling bullet.
The sling bullet closely misses the jackal.
The jackal bites you but does no damage.
The jackal barely misses you. The jackal misses you.
The jackal bites you but does no damage.
Unknown command.
You shoot a sling bullet.
The sling bullet closely misses the jackal.
The jackal barely misses you. The jackal closely misses you.
The jackal bites you. The jackal barely misses you.
You shoot a sling bullet. The sling bullet hits the jackal.
You kill the jackal!
The jackal closely misses you.
You shoot a sling bullet. The sling bullet hits the jackal.
The jackal is almost dead.
The jackal barely misses you. The jackal bites you.
You shoot a sling bullet.
The sling bullet barely misses the jackal.
The jackal misses you. x2
You shoot a sling bullet. The sling bullet hits the jackal.
You kill the jackal!
No target in view!
No target in view!
You start resting.
HP restored.
You see here a jackal corpse.
You now have 24 gold pieces (gained 12).
You see here a ball python corpse.
Done exploring.
Done exploring.
Done exploring.
Done exploring.
Search for what [? for help]? .
Are you sure you want to abandon this character and quit the game? (Confirm with "yes".)

##############
.............#####
##########.###...# #.# #...# #.#
#.).############ #.#
#...##P...#....# #.#
#...#..♣PP..#♣.♣♣♣ #.#
#......P♣P...♣...♣♣ #.#
#..@#PP♣♣P...♣♣♣..♣ #.#
#..†#..PPP.#.♣P♣.P♣ #.#
##......P....♣..♣P♣ #.#
###........##♣.P♣♣♣ #.#
#....♣♣P†..##♣♣..♣♣
##♣♣♣♣♣♣♣♣♣#...♣♣♣......#♣♣♣.♣
###..............P...P..#......#
....♣♣♣♣♣♣♣♣♣....PPPP...########
).....## #####.P.#####


There were no monsters in sight!

Vanquished Creatures
  3 dart slugs (D:1)
  2 bats (D:1)
  2 endoplasms (D:1)
  2 goblins (D:1)
  3 jackals (D:1)
  A kobold (D:1)
  A quokka (D:1)
  2 ball pythons (D:1)
  A frilled lizard (D:1)
  2 rats (D:1)
19 creatures vanquished.

Notes
Turn   | Place    | Note
-------+----------+-------------------------------------------
     0 | D:1      | sanka the Merfolk Hexslinger began the quest for the Orb.
     0 | D:1      | Reached XP level 1. HP: 15/15 MP: 2/2
   180 | D:1      | Reached XP level 2. HP: 22/22 MP: 3/3
   623 | D:1      | Reached XP level 3. HP: 22/27 MP: 4/4
   707 | D:1      | Quit the game

Illustrated notes

Levels and vault maps discovered:
D:1:      evilmike_arrival_rings, layout_rooms, serial_forest,
          infiniplex_forest_straight_3, infiniplex_forest_clump_double,
          infiniplex_forest_lined_4_way, infiniplex_forest_lined_3,
          infiniplex_forest_zigzag_2, infiniplex_forest_3_way

Skill      XL: |  1  2 |
---------------+-------+-----
Dodging        | 3 |  3.7
Fighting       | 2 |  2.4
Ranged Weapons | |  1.5
Spellcasting   | |  1.0
Hexes          | |  3.0

Action                     || total
---------------------------++-------
   Fire: Sling             ||    57
 Armour: Robe              ||    10
  Dodge: Dodged            ||    34
